 Dungeon Crawl Stone Soup version 0.25.1-2-g60ff931df9 (webtiles) character file.

Game seed: 2206287725943465021

55 hawla the Conjurer (level 3, 0/26 HPs)
             Began as a Draconian Conjurer on Nov 18, 2020.
             Shot with a sling bullet by a goblin (3 damage)
             ... led by Robin
             ... on level 2 of the Dungeon.
             The game lasted 00:03:27 (1847 turns).

hawla the Conjurer (Draconian Conjurer)             Turns: 1847, Time: 00:03:27

Health: 0/26       AC:  5    Str: 10    XL:     3   Next: 67%
Magic:  3/8        EV: 12    Int: 16    God:
Gold:   9          SH:  0    Dex: 17    Spells: 6/9 levels left

rFire    . . .     SeeInvis .   g - +0 club
rCold    . . .     Gourm    .   (no shield)
rNeg     . . .     Faith    .   (armour unavailable)
rPois    .         Spirit   .   (helmet restricted)
rElec    .         Reflect  .   (no cloak)
rCorr    .         Harm     .   (no gloves)
MR       .....                  (no boots)
Stlth    ++........             (no amulet)
HPRegen  0.08/turn              f - +6 ring of dexterity
MPRegen  0.11/turn              (no ring)

@: stab
A: unfitting armour, cold-blooded, AC +5
a: no special abilities


You were on level 2 of the Dungeon.
You were not hungry.

You visited 1 branch of the dungeon, and saw 2 of its levels.

You collected 9 gold pieces.

Inventory:

Hand Weapons
 g - a +0 club (weapon)
Jewellery
 f - a +6 ring of dexterity (left hand)
Scrolls
 e - a scroll of teleportation
Potions
 d - a potion of brilliance
Comestibles
 a - a chunk of flesh
 b - a ration


   Skills:
 - Level 1.7 Dodging
 - Level 1.7 Stealth
 + Level 3.8 Spellcasting
 - Level 4.0 Conjurations


You had 6 spell levels left.
You knew the following spells:

 Your Spells              Type           Power        Failure   Level  Hunger
a - Magic Dart            Conj           ###.         3%          1    None
b - Searing Ray           Conj           ###...       4%          2    ##.....

Your spell library contained the following spells:

 Spells                   Type           Power        Failure   Level  Hunger
 Dazzling Flash           Conj/Hex       #.....       22%         3    ###....
 Fulminant Prism          Conj/Hex       #.........   58%         4    ####...
 Iskenderun's Mystic Bla  Conj/Tloc      #.......     58%         4    ####...


Dungeon Overview and Level Annotations

Branches:
Dungeon (2/15)

Altars:
Sif Muna


Innate Abilities, Weirdness & Mutations

Your plain brown scales are hard. (AC +5)
You cannot fit into any form of body armour.
You are cold-blooded and may be slowed by cold attacks.


Message History

The sling bullet hits you!
You see here a sling bullet.
You hit the gnoll but do no damage.
You tail-slap the gnoll, but do no damage.
The gnoll closely misses you.
The goblin shoots a sling bullet.
The sling bullet barely misses you.
The sling bullet hits the gnoll but does no damage.
You closely miss the gnoll. The gnoll barely misses you.
The goblin shoots a sling bullet.
The sling bullet hits you.
You hit the gnoll but do no damage.
The goblin shoots a sling bullet.
The sling bullet hits you.
* * * LOW HITPOINT WARNING * * *
The gnoll barely misses you.
You closely miss the gnoll.
The goblin shoots a sling bullet.
The sling bullet closely misses you.
The sling bullet hits the gnoll.
The gnoll barely misses you.
It was a potion of stabbing.
You feel ready to backstab.
The goblin shoots a sling bullet.
The sling bullet hits you.
You die...

###.....##≈≈...≈≈#
#...#..'..._.≈≈#
#...####≈≈...≈≈# .
#...# #≈≈≈≈≈≈≈#
....#######.###
##≈≈≈≈≈##
....)..g.#...#
#######
####..##.#...# #.
#.#..<####.# .g
#.g...@g...# ##
###....#####
#....# #.......
##.####.. #.. ..
#.#. . #.#.


You could see a gnoll and a goblin.

Vanquished Creatures
  A gnoll (D:1)
  An ooze (D:1)
  A worm (D:2)
  4 dart slugs (D:1)
  A leopard gecko (D:2)
  A ball python (D:1)
  3 giant cockroaches
  6 hobgoblins
  2 bats (D:1)
  2 frilled lizards (D:1)
  4 goblins (D:1)
  3 kobolds (D:1)
29 creatures vanquished.

Notes
Turn   | Place    | Note
-------+----------+-------------------------------------------
     0 | D:1      | hawla the Draconian Conjurer began the quest for the Orb.
     0 | D:1      | Reached XP level 1. HP: 14/14 MP: 3/3
   274 | D:1      | Reached XP level 2. HP: 12/20 MP: 0/5
  1226 | D:1      | Reached XP level 3. HP: 24/26 MP: 2/7
  1233 | D:1      | Learned a level 2 spell: Searing Ray
  1808 | D:2      | Found a shimmering blue altar of Sif Muna.
  1847 | D:2      | Shot with a sling bullet by a goblin

Illustrated notes

Levels and vault maps discovered:
D:1:      lightli_arrival_noodles, layout_basic
D:2:      layout_basic, led_sif_pool, uniq_robin

Skill      XL: |  1  2 |
---------------+-------+-----
Spellcasting   | 3 |  3.8
Dodging        | |  1.7
Stealth        | |  1.7
Conjurations   | |  4.0

Action                   || total
-------------------------++-------
Melee: Unarmed           ||    20
       Tailslap          ||     3
       Club              ||    12
 Cast: Magic Dart        ||    79
       Searing Ray       ||     3
  Use: Scroll            ||     2
       Potion            ||     1
  Eat: Chunk             ||     3
Armor: Skin              ||     6
Dodge: Dodged            ||    25
